 Dungeon Crawl Stone Soup version 0.32-a0-558-g233958a4c4 (webtiles) character file.

Game seed: 18109680397609893874

263 Sobieck the Shooter (level 6, -5/44 HPs)
             Began as a Coglin Hunter on Feb 29, 2024.
             Slain by a black bear (6 damage)
             ... on level 4 of the Dungeon.
             The game lasted 00:03:21 (2610 turns).

Sobieck the Shooter (Coglin Hunter)                 Turns: 2610, Time: 00:03:22

Health: -5/44      AC:  3    Str: 11    XL:     6   Next: 19%
Magic:  6/6        EV: 12    Int:  8    God:
Gold:   161        SH:  0    Dex: 20    Spells: 5/5 levels left

rFire   . . .        a - +0 shortbow {Sunngifu}
rCold   . . .        (shield currently unavailable)
rNeg    . . .        c - +0 leather armour
rPois   .            (no helmet)
rElec   .            (no cloak)
rCorr   .            (no gloves)
SInv    .            (no boots)
Will    .....        (amulet unavailable)
Stlth   ++           (ring unavailable)
HPRegen 0.27/turn    (ring unavailable)
MPRegen 0.10/turn    (no gizmo)

%: no passive effects
@: revved
A: off-hand wielding, slow wielding, warmup strikes, no jewelry
a: Invent Gizmo


You were on level 4 of the Dungeon.
You visited 1 branch of the dungeon, and saw 4 of its levels.

You collected 161 gold pieces.

Inventory:

Hand Weapons
 a - a +0 shortbow (weapon) {Sunngifu}
Armour
 c - a +0 leather armour (worn)
 e - a +0 pair of gloves
Scrolls
 b - a scroll of butterflies
 g - a scroll of poison {unknown}
 h - 2 scrolls of blinking {unknown}
 i - 4 scrolls of identify {unknown}
 m - a scroll of vulnerability {unknown}
 n - a scroll of silence {unknown}
Potions
 d - 3 potions of curing {unknown}
 f - 2 potions of lignification
 j - 2 potions of haste {unknown}
 k - a potion of brilliance {unknown}
 l - a potion of degeneration {unknown}


   Skills:
 - Level 2.0 Fighting
 + Level 6.6 Ranged Weapons
 - Level 1.7 Dodging
 - Level 0.7 Stealth


You had 5 spell levels left.
You didn't know any spells.
Your spell library contained the following spells:

 Spells                   Type           Power      Damage    Failure   Level
 Blink                    Tloc           0%         N/A       65%         2
 Lesser Beckoning         Tloc           0%         N/A       65%         2
 Momentum Strike          Conj/Tloc      0%         3d8       65%         2


Dungeon Overview and Level Annotations

Branches:
Dungeon (4/15)
 Temple: D:4-7

Altars:
Kikubaaqudgha
Zin

Shops:
D:2 [


Innate Abilities, Weirdness & Mutations

You can wield a second weapon in your off-hand.
It takes a long time for you to wield or remove held weapons.
Your first few attacks do less damage.
You cannot equip rings or amulets.


Message History

You shoot an arrow. The arrow hits the black bear.
The black bear is heavily wounded.
You shoot an arrow. The arrow hits the black bear!
The black bear is severely wounded.
The black bear goes berserk!
You shoot an arrow.
The arrow closely misses the black bear.
You shoot an arrow. The arrow hits the black bear!
The black bear is almost dead.
The black bear bites you! The black bear barely misses you.
The black bear claws you.
* * * LOW HITPOINT WARNING * * *
You shoot an arrow.
The arrow hits the black bear but does no damage.
The black bear is almost dead.
The black bear misses you. The black bear barely misses you.
The black bear claws you.
* * * LOW HITPOINT WARNING * * *
The black bear bites you!
* * * LOW HITPOINT WARNING * * *
The black bear claws you but does no damage.
The black bear misses you.
You are too injured to fight recklessly!
You are too injured to fight recklessly!
You are too injured to fight recklessly!
Unknown command.
You shoot an arrow.
The arrow hits the black bear but does no damage.
The black bear is almost dead.
The black bear bites you.
* * * LOW HITPOINT WARNING * * *
The black bear closely misses you. The black bear claws you.
* * * LOW HITPOINT WARNING * * *
You shoot an arrow. The arrow barely misses the black bear.
The black bear barely misses you. The black bear closely misses you.
The black bear misses you. The black bear bites you.
* * * LOW HITPOINT WARNING * * *
The black bear claws you.
* * * LOW HITPOINT WARNING * * *
The black bear barely misses you.
You shoot an arrow.
The arrow completely misses the black bear.
The black bear bites you.
* * * LOW HITPOINT WARNING * * *
The black bear claws you.
* * * LOW HITPOINT WARNING * * *
The black bear claws you.
* * * LOW HITPOINT WARNING * * *
The black bear bites you.
You die...

#### #...# #....
... #...# ....
#...#######.....
#....#..........
#....#..........
#)....@h........
###'##.####.##..
#...##.####.# .
#...........#
#...........#
#...........#
#...........#
######)##...#
##+#
#...##)##...##...


You could see a black bear (berserk).

Vanquished Creatures
  An ogre (D:2)
  A bombardier beetle (D:4)
  An orc wizard (D:4)
  An adder (D:2)
  4 gnolls (D:2)
  A dart slug (D:1)
  5 orcs (D:4)
  5 bats
  5 endoplasms
  A giant cockroach (D:1)
  2 hobgoblins
  6 jackals
  4 quokkas
  3 ball pythons
  2 frilled lizards (D:1)
  4 goblins
  9 kobolds
  4 rats
59 creatures vanquished.

Notes
Turn   | Place    | Note
-------+----------+-------------------------------------------
     0 | D:1      | Sobieck the Coglin Hunter began the quest for the Orb.
     0 | D:1      | Reached XP level 1. HP: 16/16 MP: 1/1
   135 | D:1      | Reached skill level 4 in Ranged Weapons
   135 | D:1      | Reached XP level 2. HP: 22/22 MP: 2/2
   523 | D:1      | Reached XP level 3. HP: 27/27 MP: 3/3
   717 | D:2      | Reached skill level 5 in Ranged Weapons
   717 | D:2      | Reached XP level 4. HP: 32/33 MP: 4/4
   824 | D:2      | Found an ancient bone altar of Kikubaaqudgha.
   905 | D:2      | Noticed an ogre
   920 | D:2      | Killed an ogre
   921 | D:2      | Reached skill level 6 in Ranged Weapons
   921 | D:2      | Reached XP level 5. HP: 38/38 MP: 5/5
  1276 | D:2      | Found Sudwenul's Armour Shop.
  1659 | D:3      | Found a glowing silver altar of Zin.
  2519 | D:4      | Reached XP level 6. HP: 44/44 MP: 6/6
  2597 | D:4      | Noticed a black bear
  2610 | D:4      | HP: 1/44 [black bear (2)]
  2610 | D:4      | Slain by a black bear

Illustrated notes

Levels and vault maps discovered:
D:1:      reono_arrival_mine, layout_loops_ring
D:2:      layout_loops_cross, basic_altar, serial_shops, shop
D:3:      layout_loops_corners, mainiacjoe_overflow_tiny_flanked,
          dreamdust_princess_bridge
D:4:      layout_gridville, nicolae_overflow_hidden_temple

Skill      XL: |  1  2  3  4 |
---------------+-------------+-----
Ranged Weapons | 4 5 6 |  6.6
Fighting       | |  2.0
Dodging        | |  1.7
Stealth        | |  0.7

Action                     |  1- 3 |  4- 6 || total
---------------------------+-------+-------++-------
   Fire: Shortbow          |    89 |   148 ||   237
    Use: Potion            |       |     1 ||     1
 Armour: Leather armour    |    19 |    29 ||    48
         Skin              |       |    24 ||    24
  Dodge: Dodged            |    36 |    39 ||    75

Table legend: (Time is in decaauts)
 A = Elapsed time spent in this place.
 B = Non-inter-level travel time spent in this place.
 C = Inter-level travel time spent in this place.
 D = Time resting spent in this place.
 E = Time spent auto-exploring this place.
 F = Levels seen in this place.
 G = Mean time per level.
                   A        B        C        D        E       F      G
               +--------+--------+--------+--------+--------+-----+--------+
         Total |   2649 |   2567 |     82 |      0 |   2182 |   4 |  662.2 |
       Dungeon |   2649 |   2567 |     82 |      0 |   2182 |   4 |  662.2 |
               +--------+--------+--------+--------+--------+-----+--------+

Top non-repeatable levels by time:
     D:3: 832 daAuts
     D:2: 804 daAuts
     D:1: 612 daAuts
     D:4: 400 daAuts
